 Dungeon Crawl Stone Soup version 0.29-a0-243-g602b31c20e (webtiles) character file.

Game seed: 15749960259100824983

6 Hubjo the Skirmisher (level 1, -4/16 HPs)
             Began as a Demonspawn Wanderer on Mar 4, 2022.
             Slain by a goblin
             ... wielding a +1 dagger of electrocution
              (12 damage)
             ... on level 1 of the Dungeon.
             The game lasted 00:00:23 (336 turns).

Hubjo the Skirmisher (Demonspawn Wanderer)           Turns: 336, Time: 00:00:23

Health: -4/16      AC:  2    Str: 11    XL:     1   Next: 75%
Magic:  2/2        EV: 10    Int: 16    God:
Gold:   19         SH:  4    Dex: 10    Spells: 1/2 levels left

rFire   . . .      SeeInvis .   a - +0 club
rCold   . . .      Faith    .   c - +0 buckler
rNeg    . . .      Spirit   .   d - +0 robe
rPois   .          Reflect  .   (no helmet)
rElec   .          Harm     .   (no cloak)
rCorr   .          Rampage  .   (no gloves)
Will    .....                   (no boots)
Stlth   +.........              (no amulet)
HPRegen 0.05/turn               (no ring)
MPRegen 0.08/turn               (no ring)

@: no status effects
A: no striking features
a: no special abilities


You were on level 1 of the Dungeon.
You visited 1 branch of the dungeon, and saw 1 of its levels.

You collected 19 gold pieces.

Inventory:

Hand Weapons
 a - a +0 club (weapon)
Armour
 c - a +0 buckler (worn)
 d - a +0 robe (worn)
Jewellery
 g - an amulet of faith
Potions
 b - 2 potions of haste
 e - a potion of degeneration {unknown}
 f - a potion of berserk rage


   Skills:
 + Level 2.0 Fighting
 + Level 1.0 Throwing
 + Level 1.9 Shields
 + Level 1.8 Unarmed Combat
 + Level 1.0 Spellcasting
 + Level 1.1 Translocations
 + Level 1.1 Evocations


You had one spell level left.
You knew the following spells:

 Your Spells              Type           Power      Damage    Failure   Level
a - Apportation           Tloc           8%         N/A       19%         1

Your spell library contained the following spells:

 Spells                   Type           Power      Damage    Failure   Level
 Lesser Beckoning         Tloc           4%         N/A       50%         3


Dungeon Overview and Level Annotations

Branches:
Dungeon (1/15)

Altars:


Message History

The giant cockroach bites you but does no damage.
The giant cockroach barely misses you.
You hit the giant cockroach.
You kill the giant cockroach!
No target in view!
No target in view!
Found a stone staircase leading down.
A rat comes into view.
A rat is nearby!
A rat is nearby!
A rat comes into view.
Found a robe.
You hit the rat.
You kill the rat!
A giant cockroach comes into view.
A goblin comes into view.
It is wielding a +1 dagger of electrocution.
The goblin shouts!
You barely miss the rat. The rat bites you but does no damage.
The rat barely misses you.
You hit the rat.
You kill the rat!
The giant cockroach closely misses you.
You hit the giant cockroach.
The giant cockroach is moderately wounded.
The giant cockroach bites you but does no damage.
The giant cockroach bites you.
You hit the giant cockroach.
The giant cockroach is almost dead.
The giant cockroach bites you.
You completely miss the giant cockroach.
The giant cockroach is almost dead.
The giant cockroach bites you.
The goblin hits you with a +1 dagger of electrocution.
The giant cockroach closely misses you. The goblin hits you but does no damage.
You hit the giant cockroach.
You kill the giant cockroach!
The goblin hits you with a +1 dagger of electrocution.
You are electrocuted!
Ouch! That really hurt!
You die...

...... #..... .[... #.#.#
# #...# #.# #...#
#...#.g.#######
.......@..>...#
#####...##.##.#
####..#.##.# #...#.#....#
#.#.#...# #.#.....#
#....#..##### ###########
####........#
..........######..†.###.#


You could see a goblin.

Vanquished Creatures
  3 giant cockroaches (D:1)
  A hobgoblin (D:1)
  A bat (D:1)
  2 rats (D:1)
7 creatures vanquished.

Notes
Turn   | Place    | Note
-------+----------+-------------------------------------------
     0 | D:1      | Hubjo the Demonspawn Wanderer began the quest for the Orb.
     0 | D:1      | Hubjo set off with the following items: a +0 club, a potion
                  | of haste, a +0 buckler, a +0 robe, a potion of berserk
                  | rage; and the following spell memorised: Apportation; and
                  | the following spells available to memorise: Lesser
                  | Beckoning
     0 | D:1      | Reached XP level 1. HP: 16/16 MP: 2/2
   336 | D:1      | Slain by a goblin

Illustrated notes

Levels and vault maps discovered:
D:1:      amcnicky_arrival_blooded_trapdoor, layout_basic,
          dreamdust_ecumenical_altar_drowned_temple

Action                   || total
-------------------------++-------
Melee: Club              ||    30
  Use: Potion            ||     1
 Stab: Sleeping          ||     1
Armor: Robe              ||     9
Dodge: Dodged            ||    19
Block: Buckler           ||     3

Table legend: (Time is in decaauts)
 A = Elapsed time spent in this place.
 B = Non-inter-level travel time spent in this place.
 C = Inter-level travel time spent in this place.
 D = Time resting spent in this place.
 E = Time spent auto-exploring this place.
 F = Levels seen in this place.
 G = Mean time per level.
                   A        B        C        D        E       F      G
               +--------+--------+--------+--------+--------+-----+--------+
         Total |    357 |    357 |      0 |      0 |    283 |   1 |  357.0 |
       Dungeon |    357 |    357 |      0 |      0 |    283 |   1 |  357.0 |
               +--------+--------+--------+--------+--------+-----+--------+

Top non-repeatable levels by time:
     D:1: 357 daAuts
